Map: 여명 - 래더 (공허의 유산)

Players

Leenock - Winner!

  • Race: Zerg Zerg
  • League: Master
  • Spawn Location: 7:00

TYTY (TY)

  • Race: Terran Terran
  • League: Diamond
  • Spawn Location: 1:00

VOD

Have the link to the VOD?

Description

Time

  • Played on: Nov. 26, 2016, 4:46 a.m.
  • Length: 14:12
Show
View Real Time Build Order
Export as new Build Order

Leenock Zerg - Winner!

Build Orders: Hatch First 

Get SALT Encoding   

  12  0:01  Drone  
  13  0:12  Overlord  
  13  0:17  Drone  
  14  0:30  Drone x2  
  14  0:34  Drone  
  17  0:52  Hatchery  
  17  0:54  Drone  
  17  0:58  Drone  
  18  1:06  Extractor  
  17  1:13  Spawning Pool  
  17  1:16  Drone  
  17  1:20  Drone  
  18  1:29  Drone  
  19  1:38  Overlord  
  19  2:00  Zergling x4  
  19  2:01  Queen  
  23  2:03  Queen  
  23  2:04  Zergling x2  
  23  2:06  Metabolic Boost  
  26  2:20  Drone x2  
  28  2:29  Drone x2  
  30  2:33  Zergling x2  
  30  2:36  Queen  
  33  2:42  Queen  
  35  2:51  Zergling x2, Overlord  
  35  2:52  Zergling x2  
  36  3:24  Drone  
  36  3:25  Drone x7  
  44  3:32  Overlord  
  44  3:40  Overlord  
  44  3:53  Hatchery, Drone x4  
  44  3:55  Drone x2  
  49  3:56  Drone x2  
  49  3:57  Drone  
  49  4:01  Evolution Chamber  
  51  4:03  Evolution Chamber  
  51  4:05  Drone  
  51  4:07  Drone  
  52  4:11  Extractor  
  51  4:18  Drone  
  51  4:19  Drone  
  51  4:22  Baneling Nest  
  52  4:25  Zergling x10  
  52  4:27  Zergling x2  
  52  4:28  Zergling x2  
  58  4:34  Zerg Ground Armor Level 1  
  58  4:39  Zerg Melee Weapons Level 1  
  58  4:44  Overlord  
  58  4:45  Overlord  
  58  4:47  Drone  
  58  4:49  Overlord  
  59  5:03  Drone  
  59  5:04  Drone  
  59  5:06  Drone  
  62  5:09  Lair  
  62  5:10  Drone x2  
  62  5:13  Overlord  
  62  5:14  Drone x2  
  65  5:18  Baneling x4  
  65  5:19  Drone x4  
  70  5:21  Drone  
  70  5:24  Drone  
  72  5:37  Hatchery  
  71  5:43  Zergling x2  
  71  5:44  Zergling x14  
  71  5:45  Baneling x4  
  71  5:46  Baneling  
  71  5:48  Zergling x2  
  71  5:49  Zergling x4  
  82  6:09  Zergling x6  
  82  6:10  Zergling x14, Centrifical Hooks  
  89  6:18  Overlord  
  89  6:19  Drone  
  89  6:20  Drone x3  
  89  6:23  Drone x3  
  95  6:27  Extractor  
  95  6:28  Drone, Extractor  
  95  6:31  Drone  
  95  6:38  Drone  
  95  6:39  Drone  
  96  6:42  Hatchery  
  96  6:54  Drone x2  
  96  6:55  Drone  
  96  6:57  Zergling x8, Overlord x2  
  96  6:59  Zergling x4  
  104  7:07  Zerg Melee Weapons Level 2  
  104  7:08  Zerg Ground Armor Level 2  
  104  7:12  Overlord x2  
  104  7:13  Zergling x14  
  111  7:19  Zergling x8, Infestation Pit  
  111  7:20  Zergling x2  
  114  7:25  Zergling x6  
  117  7:30  Zergling x2  
  117  7:32  Baneling  
  117  7:33  Baneling x7  
  117  7:35  Zergling x2  
  117  7:37  Zergling x6  
  121  7:38  Zergling x4  
  122  7:49  Zergling x2  
  122  7:50  Zergling x12  
  120  8:04  Zergling x16  
  120  8:05  Zergling x2  
  112  8:11  Zergling x2  
  112  8:12  Zergling x4  
  108  8:15  Zergling x2  
  108  8:16  Zergling x2  
  108  8:19  Hive  
  105  8:21  Zergling x2  
  105  8:25  Queen  
  105  8:26  Baneling x6  
  105  8:27  Baneling x4, Drone x4  
  108  8:31  Extractor  
  108  8:33  Drone x3  
  114  8:37  Overseer  
  114  8:38  Pneumatized Carapace  
  114  8:39  Zergling x2  
  114  8:40  Zergling x2  
  114  8:49  Spine Crawler  
  109  8:56  Zergling x16  
  109  9:02  Zergling x2  
  118  9:03  Zergling x2  
  118  9:04  Zergling x18, Overlord x2  
  118  9:05  Overlord  
  118  9:07  Spore Crawler  
  107  9:18  Zergling x12  
  107  9:20  Zergling x2  
  107  9:21  Zergling x4  
  116  9:25  Zergling x2  
  116  9:29  Zergling x4  
  116  9:30  Zergling x8  
  123  9:33  Zergling x4  
  123  9:34  Baneling x7  
  123  9:35  Adrenal Glands  
  123  9:36  Ultralisk Cavern  
  124  9:40  Zerg Ground Armor Level 3  
  124  9:43  Zergling x2  
  124  9:44  Zergling x4  
  127  9:49  Zergling x4  
  129  9:55  Zergling x4  
  129  9:58  Zergling x2  
  126  10:03  Zergling x2  
  106  10:15  Zerg Melee Weapons Level 3  
  106  10:16  Spire, Zergling x12  
  106  10:17  Zergling x20  
  106  10:18  Zergling x4  
  123  10:23  Spore Crawler  
  123  10:24  Drone  
  123  10:26  Drone x2  
  124  10:29  Baneling  
  124  10:30  Chitinous Plating, Baneling x2  
  124  10:32  Baneling x4  
  124  10:50  Extractor  
  120  11:03  Hatchery  
  117  11:05  Drone x3  
  116  11:22  Hatchery  
  116  11:25  Overseer x2  
  115  11:30  Corruptor x3  
  115  11:31  Ultralisk  
  111  11:47  Zergling x28, Ultralisk  
  108  11:48  Zergling x4  
  107  12:15  Ultralisk x2  
  116  12:16  Zergling x10  
  116  12:22  Drone x4  
  124  12:36  Zergling x6, Ultralisk  
  126  12:39  Corruptor, Hatchery  
  127  12:51  Baneling x9  
  127  12:53  Corruptor  
  127  12:54  Zergling x8  
  133  12:58  Zergling x4  
  133  12:59  Zergling x4  
  116  13:25  Corruptor  
  116  13:26  Corruptor x2  
  110  13:27  Zergling x2  
  110  13:28  Zergling x20  
Show
View Real Time Build Order
Export as new Build Order

TYTY Terran 

Build Orders: MMM Bio 

Get SALT Encoding   

  12  0:00  SCV  
  13  0:12  SCV  
  14  0:17  Supply Depot  
  14  0:24  SCV  
  15  0:39  Barracks, SCV  
  16  0:44  Refinery  
  16  0:51  SCV  
  17  1:01  Barracks  
  17  1:04  SCV  
  18  1:16  SCV  
  19  1:26  Reaper  
  19  1:28  Orbital Command  
  20  1:38  Barracks  
  20  1:49  Reaper  
  20  1:51  Supply Depot  
  21  1:55  Refinery  
  21  1:58  SCV  
  22  2:03  Reaper  
  23  2:12  SCV  
  24  2:21  Reaper  
  25  2:25  SCV  
  26  2:30  Reaper  
  26  2:31  Supply Depot  
  26  2:37  SCV  
  28  2:39  Reaper  
  29  2:49  SCV  
  30  2:54  Reaper  
  31  3:01  SCV  
  31  3:02  Command Center  
  31  3:03  Reaper  
  34  3:14  SCV  
  34  3:15  Supply Depot  
  35  3:26  SCV  
  36  3:37  Barracks Reactor  
  36  3:38  Barracks Reactor, Barracks Tech Lab  
  36  3:39  SCV  
  36  3:50  Command Center  
  36  3:52  SCV  
  37  3:57  Marauder  
  39  4:03  Combat Shields  
  39  4:04  SCV  
  40  4:14  Marine x2  
  40  4:16  Marine x2, SCV  
  45  4:22  Orbital Command  
  45  4:26  Marine  
  45  4:28  SCV  
  47  4:32  Marine  
  47  4:37  Marine x3  
  50  4:40  SCV  
  50  4:44  Marine  
  52  4:50  Marine  
  52  4:52  SCV  
  55  4:55  Engineering Bay, Marine  
  55  4:57  Engineering Bay, Marine  
  55  4:58  Marine  
  57  5:00  SCV  
  57  5:02  Marine  
  57  5:07  Orbital Command  
  59  5:08  Marine  
  59  5:10  SCV  
  59  5:12  SCV  
  62  5:14  Marine  
  62  5:15  Marine  
  62  5:16  Marine  
  62  5:20  Marine  
  66  5:22  SCV  
  66  5:26  Terran Infantry Weapons Level 1  
  66  5:27  Terran Infantry Armor Level 1, Marine  
  68  5:29  SCV  
  68  5:32  Marine  
  70  5:37  Marine  
  70  5:38  SCV  
  70  5:40  Supply Depot, Factory  
  70  5:42  SCV  
  73  5:48  SCV  
  74  5:50  SCV  
  74  5:54  SCV  
  74  5:55  Marine  
  77  6:02  Marine  
  78  6:07  Marine x2  
  78  6:08  SCV x2  
  78  6:09  Stimpack  
  78  6:19  Marine  
  78  6:20  SCV, Marine  
  78  6:22  Barracks, Orbital Command  
  78  6:24  Barracks  
  80  6:27  Factory Reactor, Starport  
  80  6:28  SCV  
  80  6:29  Refinery  
  80  6:30  Armory  
  80  6:32  SCV  
  81  6:40  SCV  
  81  6:42  Refinery, Marine  
  81  6:46  SCV  
  85  6:48  SCV  
  85  6:49  Supply Depot x2  
  85  7:06  Supply Depot  
  85  7:08  Factory Reactor  
  85  7:10  Medivac x2, Barracks Reactor, SCV, Marine x3  
  85  7:11  SCV x2, Marine  
  85  7:12  Barracks Reactor  
  95  7:22  SCV  
  95  7:23  SCV  
  95  7:24  Marine  
  95  7:25  Refinery, Terran Infantry Weapons Level 2  
  95  7:27  SCV  
  95  7:28  Marine x2  
  101  7:34  Missile Turret  
  101  7:35  SCV x2  
  101  7:36  Marine x2  
  105  7:38  Refinery  
  105  7:40  Medivac  
  105  7:41  Medivac  
  109  7:44  Supply Depot  
  109  7:47  Marine  
  109  7:55  Marine  
  109  7:56  Marine x2  
  109  7:57  Widow Mine x2, Marine  
  81  8:06  Marine  
  81  8:07  Marine x2  
  81  8:08  SCV x2  
  77  8:14  SCV  
  77  8:16  Terran Infantry Armor Level 2, Marine x4  
  74  8:20  SCV x2  
  74  8:24  Medivac x2, Marine x2  
  74  8:26  SCV  
  85  8:29  Widow Mine x2  
  85  8:32  SCV x2  
  89  8:36  Marine x5  
  89  8:38  SCV  
  89  8:41  Barracks Reactor  
  95  8:42  Liberator  
  95  8:44  SCV  
  95  8:47  Liberator  
  95  8:52  Marine x2  
  95  8:54  Marine  
  95  8:55  Marine x4  
  92  9:05  Orbital Command  
  92  9:06  Widow Mine  
  92  9:09  Marine  
  95  9:10  Marine  
  95  9:11  Marine  
  92  9:19  SCV x2  
  92  9:20  Marine x6  
  92  9:21  Widow Mine  
  100  9:27  Marine x2  
  100  9:29  Marine  
  100  9:30  Unknown  
  105  9:31  SCV  
  105  9:34  Supply Depot  
  104  9:55  Widow Mine  
  104  9:56  Medivac x2  
  104  10:01  Widow Mine  
  104  10:04  Marine x4  
  99  10:14  SCV x2  
  99  10:19  Marine  
  101  10:25  Supply Depot  
  101  10:26  Supply Depot x2, Marine x3  
  101  10:27  Marine x2  
  103  10:31  Widow Mine x2  
  103  10:32  Medivac  
  109  10:38  Factory  
  109  10:40  Marine  
  109  10:46  Medivac, Marine x3  
  109  10:47  Liberator, SCV x3  
  117  10:52  Marine x4  
  121  10:59  Liberator  
  112  11:09  Marine x5  
  112  11:10  Marine  
  115  11:11  Factory Reactor, Starport  
  115  11:16  SCV  
  115  11:17  SCV x2  
  118  11:19  Refinery x2  
  118  11:25  Marine x2  
  118  11:26  Marine  
  118  11:27  Marine x3  
  118  11:31  SCV x2  
  118  11:32  Orbital Command, Marine x3  
  127  11:43  Marine  
  119  11:47  Liberator x2  
  119  11:49  Marine x3  
  119  11:50  Marine  
  119  11:53  Widow Mine x2  
  112  12:14  SCV  
  106  12:16  Marine x4  
  106  12:22  SCV  
  109  12:23  Refinery  
  109  12:28  Marine  
  109  12:30  Missile Turret  
  109  12:35  Marauder  
  109  12:37  Supply Depot  
  109  12:38  Supply Depot  
  109  12:49  Orbital Command  
  109  12:54  Missile Turret  
  109  12:58  Widow Mine x2, SCV, Marine x3  
  109  12:59  Marine x2  
  109  13:00  SCV  
  109  13:04  Barracks Tech Lab  
  109  13:05  Supply Depot, Marine x2  
  113  13:16  Marine  
  82  13:21  Marine x2  
  82  13:22  Marine x2  
  82  13:26  Widow Mine x2, SCV  
  84  13:30  Unknown  
  84  13:32  Unknown  
  88  13:40  Marine x2  
  88  13:41  Marauder, Marine x3  
  90  13:43  Marine x2  
Tags
 
Add a new tag
Caveats
  • Supply blocks, unpowered buildings, or Contaminate may cause inaccurate times.
  • Supply counts are checked every 10 seconds.